 Dungeon Crawl Stone Soup version 0.29.1-12-g30fa7ad0bf (webtiles) character file.

Game seed: 17293617770939106747

46 safid the Shooter (level 3, 0/33 HPs)
             Began as a Minotaur Hunter on Dec 19, 2022.
             Slain by an adder (3 damage)
             ... on level 3 of the Dungeon.
             The game lasted 00:03:22 (2059 turns).

safid the Shooter (Minotaur Hunter)                 Turns: 2059, Time: 00:03:23

Health: 0/33       AC:  3    Str: 19    XL:     3   Next: 46%
Magic:  2/2        EV: 12    Int:  5    God:
Gold:   106        SH:  0    Dex: 14    Spells: 2/2 levels left

rFire   + . .      SeeInvis .   a - +0 shortbow
rCold   . . .      Faith    .   (shield currently unavailable)
rNeg    . . .      Spirit   .   c - +0 leather armour
rPois   .          Reflect  .   (helmet restricted)
rElec   .          Harm     .   (no cloak)
rCorr   .          Rampage  .   (no gloves)
Will    .....                   (no boots)
Stlth   +.........              (no amulet)
HPRegen 0.11/turn               (no ring)
MPRegen 0.08/turn               (no ring)

@: lethally poisoned (0 -> -1), invisible
A: horns 2, retaliatory headbutt, fire resistance 1, mutation resistance 1,
strong 1
a: no special abilities


You were on level 3 of the Dungeon.
You visited 1 branch of the dungeon, and saw 3 of its levels.

You collected 106 gold pieces.

Inventory:

Hand Weapons
 a - a +0 shortbow (weapon)
Armour
 c - a +0 leather armour (worn)
Jewellery
 r - a ring of magical power
Scrolls
 b - 4 scrolls of immolation
 d - 3 scrolls of magic mapping {unknown}
 e - a scroll of summoning {unknown}
 g - a scroll of fog {unknown}
 h - 2 scrolls of poison {unknown}
 i - a scroll of enchant armour {unknown}
 j - 5 scrolls of identify {unknown}
 l - a scroll of teleportation {unknown}
 n - a scroll of torment {unknown}
 o - a scroll of acquirement {unknown}
Potions
 f - 3 potions of invisibility
 k - a potion of magic
 m - a potion of attraction {unknown}
 p - a potion of heal wounds {unknown}
 q - a potion of mutation
 s - a potion of degeneration {unknown}


   Skills:
 + Level 3.7 Fighting
 + Level 5.1 Ranged Weapons
 - Level 2.1 Dodging
 - Level 0.7 Stealth


You had 2 spell levels left.
You didn't know any spells.
Your spell library was empty.

Dungeon Overview and Level Annotations

Branches:
Dungeon (3/15)

Altars:

Shops:
D:1 *!


Innate Abilities, Weirdness & Mutations

You have a pair of horns on your head.
You reflexively headbutt those who attack you in melee.
Your flesh is heat resistant. (rF+)
You are somewhat resistant to further mutation.
Your muscles are strong. (Str +4, Int/Dex -1)


Message History

You headbutt the hobgoblin, but do no damage.
You shoot an arrow. The arrow barely misses the hobgoblin.
The arrow hits the adder.
The adder is lightly wounded.
You hear a shout!
An adder comes into view.
The hobgoblin barely misses you. The adder bites you.
You shoot an arrow. The adder hisses angrily.
The arrow hits the hobgoblin.
The hobgoblin is severely wounded.
The adder bites you. The hobgoblin barely misses you.
A kobold comes into view. It is wielding a +0 whip.
The adder bites you.
You are poisoned.
The adder poisons you! The hobgoblin misses you. You furiously retaliate!
You headbutt the hobgoblin.
You kill the hobgoblin!
You feel sick.
You feel sick. The adder attacks as you move away! The adder bites you.
You feel sick. The adder bites you.
* * * LOW HITPOINT WARNING * * *
You are more poisoned.
The adder poisons you!
* * * LOW HITPOINT WARNING * * *
You feel sick.
You feel sick.
Unknown command.
You feel sick. The adder misses you.
It was a potion of invisibility.
You fade into invisibility!
You feel sick. The adder bites you but does no damage.
It was a potion of magic.
Magic courses through your body.
You feel sick. The adder closely misses you.
The kobold throws a stone.
The stone hits the orc.
It was a potion of mutation.
You feel extremely strange.
You feel stronger.
You feel resistant to heat.
You feel genetically stable.
You feel sick. The adder bites you.
You die...

..#..## #.. ......
#.S #....##..
#....... ...K.# #.†.#
###### #..# #....#
#######..#########...
#....#
#........K.oS@.......
#....##
#.......###S######...
#...... ........# #.#
#...... #......†#
#.## #......
#.......# #..#
####...... #.......#
##.## #.........
#.......#
#..#######.........
#.......#
##.................
###+....#
#.................


You could see 2 adders, an orc (unable to see you) and a kobold (unable to see
you).

Vanquished Creatures
  A worm (D:2)
  6 ball pythons
  6 bats
  2 endoplasms
  A giant cockroach (D:1)
  7 hobgoblins
  4 kobolds
  A quokka (D:2)
  4 frilled lizards
  3 goblins
  3 rats
38 creatures vanquished.

Notes
Turn   | Place    | Note
-------+----------+-------------------------------------------
     0 | D:1      | safid the Minotaur Hunter began the quest for the Orb.
     0 | D:1      | Reached XP level 1. HP: 18/18 MP: 0/0
   187 | D:1      | Reached XP level 2. HP: 25/25 MP: 1/1
   364 | D:1      | Found Xogol's Distillery.
   493 | D:1      | Found Ebofutwe's Assorted Antiques.
   906 | D:2      | Identified the +1 robe of the Lotus Blossom {rF+++ Str-3}
  1113 | D:2      | Reached skill level 5 in Ranged Weapons
  1113 | D:2      | Reached XP level 3. HP: 31/31 MP: 2/2
  2059 | D:3      | Gained mutation: Your muscles are strong. (Str +4, Int/Dex
                  | -1) [potion of mutation]
  2059 | D:3      | Gained mutation: Your flesh is heat resistant. (rF+)
                  | [potion of mutation]
  2059 | D:3      | Gained mutation: You are somewhat resistant to further
                  | mutation. [potion of mutation]
  2059 | D:3      | Slain by an adder

Illustrated notes

Levels and vault maps discovered:
D:1:      eino_arrival_water_star, layout_basic, serial_shops, shop,
          nicolae_lakefront_shop
D:2:      layout_basic, minmay_diced_spiral
D:3:      layout_basic, serial_curves, eino_curves_02, eino_curves_02,
          eino_curves_02, chequers_serial_rivers_room_a, minmay_pentomino_pile

Skill      XL: |  1  2 |
---------------+-------+-----
Fighting       | 3 |  3.7
Ranged Weapons | 5 |  5.1
Dodging        | |  2.1
Stealth        | |  0.7

Action                   || total
-------------------------++-------
 Fire: Shortbow          ||   112
  Use: Potion            ||     3
Armor: Leather armour    ||    13
Dodge: Dodged            ||    23
